 Dungeon Crawl Stone Soup version 0.30-a0-149-g7f746667c4 (webtiles) character file.

Game seed: 15564072834870549624

4 LnG the Caller (level 1, 0/10 HPs)
             Began as a Kobold Summoner on Sept 26, 2022.
             Slain by a rat (2 damage)
             ... on level 1 of the Dungeon.
             The game lasted 00:00:23 (118 turns).

LnG the Caller (Kobold Summoner)                     Turns: 118, Time: 00:00:24

Health: 0/10       AC:  2    Str:  5    XL:     1   Next: 77%
Magic:  1/3        EV: 15    Int: 16    God:
Gold:   0          SH:  0    Dex: 15    Spells: 3/4 levels left

rFire   . . .      SeeInvis .    (weapon restricted)
rCold   . . .      Faith    .    (no shield)
rNeg    . . .      Spirit   .    a - +0 robe
rPois   .          Reflect  .    (no helmet)
rElec   .          Harm     .    (no cloak)
rCorr   .          Rampage  .    (no gloves)
Will    .....                    (no boots)
Stlth   +++.......               (no amulet)
HPRegen 0.03/turn                (no ring)
MPRegen 0.08/turn                (no ring)

@: no status effects
A: small, no large weapons, nightstalker 3
a: no special abilities


You were on level 1 of the Dungeon.
You visited 1 branch of the dungeon, and saw 1 of its levels.

Inventory:

Armour
 a - a +0 robe (worn)
Scrolls
 c - a scroll of enchant weapon {unknown}
 d - a scroll of teleportation {unknown}
Potions
 b - a potion of magic


   Skills:
 + Level 2.4 Dodging
 + Level 2.7 Stealth
 + Level 2.2 Spellcasting
 + Level 4.2 Summonings


You had 3 spell levels left.
You knew the following spells:

 Your Spells              Type           Power      Damage    Failure   Level
a - Summon Small Mammal   Summ           60%        N/A       3%          1

Your spell library contained the following spells:

 Spells                   Type           Power      Damage    Failure   Level
 Call Imp                 Summ           15%        N/A       5%          2
 Call Canine Familiar     Summ           15%        N/A       11%         3
 Summon Guardian Golem    Hex/Summ       8%         N/A       26%         3
 Summon Lightning Spire   Summ/Air       8%         N/A       63%         4


Dungeon Overview and Level Annotations

Branches:
Dungeon (1/15)

Altars:


Innate Abilities, Weirdness & Mutations

You are small and have problems with some larger weapons.
You are completely attuned to the shadows.


Message History

A rat comes into view.
Your quokka barely misses the hobgoblin.
The jackal misses you.
Your bat closely misses the hobgoblin.
The hobgoblin closely misses your bat.
You hit the jackal but do no damage. Your punch misses the jackal.
Your bat hits the hobgoblin but does no damage.
Your quokka bites the hobgoblin.
The hobgoblin dies!
The jackal barely misses you.
You closely miss the jackal.
Your bat hits the jackal but does no damage.
The jackal misses you.
A jackal comes into view.
Your bat misses the jackal. You hit the jackal but do no damage.
Your bat barely misses the jackal.
The jackal bites you.
Your quokka closely misses the jackal.
A jackal comes into view.
The jackal closely misses you.
Your quokka closely misses the jackal.
The rat barely misses you.
You closely miss the jackal. The jackal barely misses your quokka.
Your bat closely misses the jackal.
The jackal misses you. The jackal barely misses your quokka.
Your quokka bites the jackal.
The rat bites you.
* * * LOW HITPOINT WARNING * * *
You hit the jackal but do no damage.
The jackal is moderately wounded.
The jackal misses your quokka. The jackal misses you.
Your bat closely misses the jackal.
The jackal misses your quokka.
Your quokka closely misses the jackal.
The jackal closely misses your quokka. The rat barely misses you.
The jackal barely misses you.
You hit the jackal.
The jackal is heavily wounded.
The jackal barely misses your quokka.
Your bat hits the jackal but does no damage.
A jackal comes into view.
The jackal bites your quokka but does no damage.
Your quokka bites the jackal but does no damage.
The jackal completely misses you. The jackal closely misses your quokka.
The rat bites you.
You die...

########..###..
...##.......#.#
..............#
...#.........#
....
.............#
....
......####...#
.... ......#
####>#####....
......
..........b†..
....
...§....@.....
....
.......rh..###
###.
........r.?#
........hh.#
.?..h..# #
.......# #


You could see 4 jackals, a rat, a friendly quokka (summoned) and a friendly bat
(summoned).

Vanquished Creatures (collateral kills)
  3 hobgoblins (D:1)
  A rat (D:1)
4 creatures vanquished.

Notes
Turn   | Place    | Note
-------+----------+-------------------------------------------
     0 | D:1      | LnG the Kobold Summoner began the quest for the Orb.
     0 | D:1      | Reached XP level 1. HP: 10/10 MP: 3/3
   118 | D:1      | Slain by a rat

Illustrated notes

Levels and vault maps discovered:
D:1:      lemuel_arrival_river_passageway, layout_basic, solitary_fountain

Action                   || total
-------------------------++-------
Melee: Unarmed           ||     6
 Cast: Summon Small Mamm ||     4
Dodge: Dodged            ||    10

Table legend: (Time is in decaauts)
 A = Elapsed time spent in this place.
 B = Non-inter-level travel time spent in this place.
 C = Inter-level travel time spent in this place.
 D = Time resting spent in this place.
 E = Time spent auto-exploring this place.
 F = Levels seen in this place.
 G = Mean time per level.
                   A        B        C        D        E       F      G
               +--------+--------+--------+--------+--------+-----+--------+
         Total |    127 |    127 |      0 |      0 |    100 |   1 |  127.0 |
       Dungeon |    127 |    127 |      0 |      0 |    100 |   1 |  127.0 |
               +--------+--------+--------+--------+--------+-----+--------+

Top non-repeatable levels by time:
     D:1: 127 daAuts
